 Dungeon Crawl Stone Soup version 0.22-a0-565-gfc6459a (webtiles) character file.

88 Hebeh the Shield-Bearer (level 4, -7/40 HPs)
             Began as a Minotaur Fighter on June 28, 2018.
             Killed by divine providence
             ... invoked by an orc priest
              (15 damage)
             ... on level 2 of the Dungeon.
             The game lasted 00:03:05 (1052 turns).

Hebeh the Shield-Bearer (Minotaur Fighter)          Turns: 1052, Time: 00:03:05

Health: -7/40      AC:  7    Str: 21    XL:     4   Next: 29%
Magic:  3/3        EV:  8    Int:  5    God:
Gold:   109        SH:  9    Dex: 10    Spells: 3/3 levels left

rFire    . . .     SeeInvis .   a - +0 war axe
rCold    . . .     Gourm    .   c - +0 shield
rNeg     . . .     Faith    .   b - +0 scale mail
rPois    .         Spirit   .   (helmet restricted)
rElec    .         Reflect  .   (no cloak)
rCorr    .         Harm     .   (no gloves)
MR       +....                  (no boots)
Stlth    ..........             (no amulet)
HPRegen  0.13/turn              m - ring of protection from magic
MPRegen  0.08/turn              (no ring)

@: no status effects
A: retaliatory headbutt, horns 2
a: no special abilities


You were on level 2 of the Dungeon.
You were not hungry.

You visited 1 branch of the dungeon, and saw 2 of its levels.

You collected 109 gold pieces.

Inventory:

Hand Weapons
 a - a +0 war axe (weapon)
Armour
 b - a +0 scale mail (worn)
 c - a +0 shield (worn)
Jewellery
 m - a ring of protection from magic (left hand)
Scrolls
 e - 3 scrolls of identify {unknown}
 h - a scroll of fog {unknown}
 i - 2 scrolls of teleportation {unknown}
 j - 2 scrolls of magic mapping {unknown}
Potions
 d - a potion of might
 k - a potion of agility {unknown}
 l - 2 potions of brilliance {unknown}
 n - a potion of resistance {unknown}
 o - a potion of heal wounds {unknown}
Comestibles
 f - 4 rations
 g - 3 chunks of flesh


   Skills:
 + Level 4.0 Fighting
 + Level 3.7 Axes
 + Level 4.1 Armour
 + Level 1.0 Dodging
 + Level 4.5 Shields


You had 3 spell levels left.
You didn't know any spells.
Your spell library was empty.

Dungeon Overview and Level Annotations

Branches:
Dungeon (2/15)

Altars:
Vehumet


Innate Abilities, Weirdness & Mutations

You reflexively headbutt those who attack you in melee.
You have a pair of horns on your head.


Message History

The orc priest is moderately wounded.
You hit the orc priest. You block the orc priest's attack. x2
Unknown command.
You barely miss the orc priest.
The orc priest is moderately wounded.
Your shield and scale mail prevent you from hitting the orc priest.
You block the orc priest's attack.
The orc priest calls down the wrath of Beogh upon you.
Beogh smites you!
* * * LOW HITPOINT WARNING * * *
The orc priest begins to cast a cantrip, but forgets the words!
You hear a shout!
You are too injured to fight recklessly!
Unknown command.
You are too injured to fight recklessly!
Unknown command.
You are too injured to fight recklessly!
The orc priest invokes the aid of Beogh against you.
Beogh smites you!
You die...

#. #####... #. ....§...
##.### ###.§.§. ....# ...
# _.. #...# ... ###.§...
#...###.# #.# .......
#.oo....# #.# ####### #
##o####.# #.# #
#.##.##.@....)# #.# #
#.............# #.# #
.....#.#.......#####.#####
# .##
...##.##.#...........#
#### #.##.#######.#...#
#....# #......
#######.#######.....)
.....................
.######.#########...#


You could see an orc warrior and 2 orc priests.

Vanquished Creatures
  4 adders (D:2)
  An ooze (D:2)
  A dart slug (D:2)
  2 leopard geckos
  A ball python (D:1)
  3 giant cockroaches
  8 goblins
  6 hobgoblins
  6 kobolds
  6 bats
  7 rats
45 creatures vanquished.

Vanquished Creatures (others)
  An adder (D:2)
1 creature vanquished.

Grand Total: 46 creatures vanquished

Notes
Turn   | Place    | Note
-------+----------+-------------------------------------------
     0 | D:1      | Hebeh the Minotaur Fighter began the quest for the Orb.
     0 | D:1      | Reached XP level 1. HP: 19/19 MP: 0/0
    96 | D:1      | Reached XP level 2. HP: 27/27 MP: 1/1
   497 | D:2      | Reached XP level 3. HP: 31/33 MP: 2/2
   634 | D:2      | Reached XP level 4. HP: 40/40 MP: 3/3
   885 | D:2      | Reached skill level 1 in Dodging
   929 | D:2      | Found a radiant altar of Vehumet.
  1049 | D:2      | Noticed an orc warrior
  1052 | D:2      | Killed from afar by an orc priest

Vault maps used:
D:1:      dpeg_arrival_erosion, minmay_crystal_room, minmay_tetromino_l2
D:2:      fiery_altar_vehumet

Skill      XL: |  1  2  3  4 |
---------------+-------------+-----
Shields        | 4 |  4.5
Armour         | 4 |  4.1
Fighting       | 4 |  4.0
Axes           | 3 |  3.7
Dodging        | 1 |  1.0

Action                   |  1- 3 |  4- 6 || total
-------------------------+-------+-------++-------
Melee: War axe           |    75 |    29 ||   104
       Headbutt          |    12 |     1 ||    13
  Eat: Chunk             |       |     1 ||     1
Armor: Scale mail        |    42 |    12 ||    54
Dodge: Dodged            |    25 |     9 ||    34
Block: Shield            |    37 |    16 ||    53

Table legend:
 A = Spawn XP
 B = Non-spawn XP
 C = Spawn XP percentage of total XP
 D = Spawn monster count
 E = Non-spawn monster count
 F = Spawn count percentage of total count
 G = Total turns spent on level
                    A         B        C        D         E        F      G
               +---------+---------+-------+---------+---------+-------+---------
         Total |       0 |     126 |   0.0 |       0 |      45 |   0.0 |  1052
               +---------+---------+-------+---------+---------+-------+---------
           D:1 |       0 |      35 |   0.0 |       0 |      21 |   0.0 |   487
           D:2 |       0 |      91 |   0.0 |       0 |      24 |   0.0 |   565
               +---------+---------+-------+---------+---------+-------+---------
